 Dungeon Crawl Stone Soup version 0.31-a0-986-g5e6e4ef867 (webtiles) character file.

Game seed: 863361073899139787

1981 jlumianski the Ruffian (level 9, -3/59 (67) HPs)
             Began as a Gnoll Shapeshifter on Nov 19, 2023.
             Succumbed to their own dark miasma
             ... on level 6 of the Dungeon.
             The game lasted 00:25:56 (5097 turns).

jlumianski the Ruffian (Gnoll Shapeshifter)         Turns: 5097, Time: 00:25:57

HP:   -3/59 (67)    AC: 13    Str: 27    XL:     9   Next: 20%
MP:   13/15         EV: 13    Int: 16    God:
Gold: 210           SH:  0    Dex: 10    Spells: 12/16 levels left

rFire   . .          .
                       - Unarmed
rCold   . . .        (shield currently unavailable)
rNeg    . . .        y - +0 leather armour of the Distant Future {Rampage rCorr}
rPois   .            F - +1 hat {Stlth+}
rElec   .            I - +2 cloak
rCorr   +            k - +3 pair of gauntlets of War {Slay+5}
SInv    .            f - +0 pair of boots
Will    .....        (no amulet)
Stlth   ++           l - +6 ring of intelligence
HPRegen 0.29/turn    t - +6 ring of strength
MPRegen 0.14/turn

%: rampage
@: lethally poisoned (-3 -> -29), flux-form, slowed, glowing, heavily drained,
very slow
A: glow, contaminating, fangs 1, strong nose, distributed training, claws 1,
strong 1
a: Begin Untransformation


You were on level 6 of the Dungeon.
You were something dangerously unstable.
You visited 1 branch of the dungeon, and saw 7 of its levels.
You also visited: Ossuary.

You collected 210 gold pieces.

Inventory:

Hand Weapons
 J - a +0 hand axe of draining
 N - a +1 dagger of draining
Missiles
 q - 13 poisoned darts
 r - 11 boomerangs (quivered)
 x - 3 atropa-tipped darts
Armour
 a - a +0 animal skin
 f - a +0 pair of boots (worn)
 h - a +0 ring mail
 k - the +3 pair of gauntlets of War (worn) {Slay+5}
   (You acquired it on level 2 of the Dungeon)

   Slay+5:    It affects your accuracy & damage with ranged weapons and melee
   (+5).
 y - the +0 leather armour of the Distant Future (worn) {Rampage rCorr}
   (You took it off an orc on level 4 of the Dungeon)

   rCorr:     It protects you from acid and corrosion.
   Rampage:   It bestows one free step when moving towards enemies.
 z - a +0 ring mail of fire resistance
 F - a +1 hat of stealth (worn)
 I - a +2 cloak (worn)
 L - +0 steam dragon scales
Magical Staves
 w - a staff of conjuration
Jewellery
 l - a +6 ring of intelligence (left hand)
 t - a +6 ring of strength (right hand)
 G - a ring of fire
Talismans
 c - a beast talisman
 d - a flux talisman (active)
Wands
 M - a wand of roots (7)
Scrolls
 e - 2 scrolls of blinking
 j - 2 scrolls of brand weapon
 n - 3 scrolls of teleportation
 p - a scroll of amnesia
 v - a scroll of immolation
 C - a scroll of revelation {unknown}
 H - a scroll of butterflies {unknown}
Potions
 b - a potion of lignification
 g - a potion of ambrosia
 i - 2 potions of resistance
 m - 3 potions of brilliance
 o - a potion of heal wounds
 s - 8 potions of curing
 u - 2 potions of haste
 A - a potion of enlightenment
 B - a potion of mutation
 D - a potion of attraction
 E - a potion of magic {unknown}
 K - 2 potions of degeneration {unknown}


   Skills:
 + Level 4.9 Fighting
 + Level 4.1 Short Blades
 + Level 4.1 Long Blades
 + Level 4.1 Axes
 + Level 4.1 Maces & Flails
 + Level 4.1 Polearms
 + Level 4.1 Staves
 + Level 4.1 Ranged Weapons
 + Level 4.1 Throwing
 + Level 4.1 Armour
 + Level 6.2 Dodging
 + Level 4.1 Stealth
 + Level 4.1 Shields
 + Level 7.8 Unarmed Combat
 + Level 4.1 Spellcasting
 + Level 3.3 Conjurations
 + Level 3.3 Hexes
 + Level 3.3 Summonings
 + Level 3.3 Necromancy
 + Level 3.3 Translocations
 + Level 3.3 Transmutations
 + Level 3.3 Fire Magic
 + Level 3.3 Ice Magic
 + Level 3.3 Air Magic
 + Level 3.3 Earth Magic
 + Level 3.3 Poison Magic
 + Level 4.5 Invocations
 + Level 4.1 Evocations
 + Level 7.6 Shapeshifting


You had 12 spell levels left.
You knew the following spells:

 Your Spells              Type           Power      Damage    Failure   Level
a - Ensorcelled Hibernat  Hex/Ice        28%        N/A       7%          2
b - Cigotuvi's Dreadful   Necr/Pois/Air  28%        N/A       7%          2

Your spell library contained the following spells:

 Spells                   Type           Power      Damage    Failure   Level
 Passwall                 Tmut/Erth      11%        N/A       7%          2
 Ignite Poison            Fire/Tmut/Pois 14%        N/A       14%         3
 Swiftness                Air            14%        N/A       14%         3
 Tukima's Dance           Hex            14%        N/A       14%         3
 Passage of Golubria      Tloc           14%        N/A       43%         4
 Sticky Flame             Conj/Fire      14%        2d4       43%         4
 Freezing Cloud           Conj/Ice/Air   7%         6-21      78%         5
 Yara's Violent Unravell  Hex/Tmut       7%         3d5       78%         5
 Ignition                 Fire           7%         3d4       100%        8


Dungeon Overview and Level Annotations

Branches:
Dungeon (7/15)            Ossuary (visited)
 Temple: D:4-7

Altars:

Annotations:
D:6 Jeremiah


Innate Abilities, Weirdness & Mutations

You are something dangerously unstable.
You glow with magical radiation, making you easy to see and hit.
Foes you strike become dangerously contaminated with magical radiation.
You are incapable of wielding weapons or throwing items.
You have very sharp teeth.
Your uncanny sense of smell can sniff out nearby items.
Your experience applies equally to all skills.
You have sharp fingernails.
Your muscles are strong. (Str +4, Int/Dex -1)


Message History

You hit Jeremiah.
Jeremiah glows dangerously bright.
Jeremiah is lightly wounded.
Jeremiah hits you with a +4 vampiric trident.
Jeremiah draws strength from your wounds!
Cast which spell? (? or * to list)
Aiming: Ensorcelled Hibernation (safe; 7% risk of failure)
Press: ? - help, Shift-Dir - straight line, f - Jeremiah
Aim: Jeremiah, wielding a +4 vampiric trident, wearing a +0 robe and wearing an orb of energy (lightly wounded, heavily contaminated, chance to affect: 30%)
Okay, then.
Casting: Ensorcelled Hibernation (safe; 7% risk of failure)
Confirm with . or Enter, or press ? or * to list all spells.
A part of your flesh rots into a cloud of miasma!
You feel drained. Jeremiah barely misses you.
You punch Jeremiah!
Jeremiah shudders as magic cascades through them!
Jeremiah twists and deforms.
Jeremiah is heavily wounded.
You are engulfed in dark miasma.
You are poisoned.
You feel very sick.
Jeremiah hits you with a +4 vampiric trident.
You miss the butterfly. Your bite misses the butterfly.
You are engulfed in dark miasma.
You are lethally poisoned!
You feel yourself slow down.
You feel extremely sick. Jeremiah closely misses you.
You punch the butterfly!
You kill the butterfly!
The butterfly disappears in a burst of colours!
You are engulfed in dark miasma.
You are more poisoned.
You feel as though you will be slow longer.
* * * LOW HITPOINT WARNING * * *
You feel extremely sick.
Jeremiah hits you with a +4 vampiric trident.
* * * LOW HITPOINT WARNING * * *
You feel better.
You are engulfed in dark miasma.
You are lethally poisoned!
* * * LOW HITPOINT WARNING * * *
You die...

#...# #.# ###.#.####.#
#...#..)##.#
#.#####....#
#...#...#..#
###.#.###..# #...# #..#
#######..# #bp.b....#
#F#####b## #b# #.#
#######.#####.#
#########......b......#
.........K......#######
#########.####### #.#
#.#


You could see Jeremiah (misshapen).

Vanquished Creatures
  Grinder (D:4)
  A wyvern (D:5)
  A steam dragon (D:7)
  A water moccasin (D:5)
  A black bear (D:5)
  2 ogres
  A phantom (D:3)
  A kobold brigand (D:6)
  3 scorpions
  2 water moccasin zombies (Ossuary)
  5 hounds
  2 orc priests
  3 iguanas
  A jelly (D:5)
  Natasha (twice) (D:3)
  2 orc wizards
  A sleepcap (D:5)
  2 mummies (Ossuary)
  7 gnolls
  4 adders
  2 adder zombies (Ossuary)
  4 worms
  3 dart slugs
  13 orcs
  7 bats
  10 endoplasms
  5 giant cockroaches
  4 goblins
  7 hobgoblins
  5 jackals
  2 quokkas
  9 ball pythons
  3 frilled lizards
  A gnoll zombie (Ossuary)
  5 hobgoblin zombies (Ossuary)
  6 kobolds
  8 kobold zombies (Ossuary)
  2 orc zombies (Ossuary)
  3 rats
142 creatures vanquished.

Notes
Turn   | Place    | Note
-------+----------+-------------------------------------------
     0 | D:1      | jlumianski the Gnoll Shapeshifter began the quest for the
                  | Orb.
     0 | D:1      | Reached XP level 1. HP: 17/17 MP: 1/1
    75 | D:2      | Reached XP level 2. HP: 23/23 MP: 2/2
   309 | D:1      | Reached XP level 3. HP: 28/28 MP: 3/3
   451 | D:2      | Reached skill level 1 in Invocations
   729 | D:2      | Reached skill level 1 in Short Blades
   729 | D:2      | Reached skill level 1 in Long Blades
   729 | D:2      | Reached skill level 1 in Axes
   729 | D:2      | Reached skill level 1 in Maces & Flails
   729 | D:2      | Reached skill level 1 in Polearms
   729 | D:2      | Reached skill level 1 in Staves
   729 | D:2      | Reached skill level 1 in Ranged Weapons
   729 | D:2      | Reached skill level 1 in Throwing
   729 | D:2      | Reached skill level 1 in Armour
   729 | D:2      | Reached skill level 1 in Stealth
   729 | D:2      | Reached skill level 1 in Shields
   729 | D:2      | Reached skill level 1 in Spellcasting
   729 | D:2      | Reached skill level 1 in Evocations
  1150 | D:2      | Identified a scroll of acquirement
  1156 | D:2      | Acquired the +3 pair of gauntlets of War {Slay+5}
  1156 | D:2      | Found the +3 pair of gauntlets of War {Slay+5}
  1502 | D:3      | Reached XP level 4. HP: 27/34 MP: 5/5
  1611 | D:4      | Noticed a scorpion
  1622 | D:4      | Killed a scorpion
  1623 | D:4      | Reached skill level 1 in Conjurations
  1623 | D:4      | Reached skill level 1 in Hexes
  1623 | D:4      | Reached skill level 1 in Summonings
  1623 | D:4      | Reached skill level 1 in Necromancy
  1623 | D:4      | Reached skill level 1 in Translocations
  1623 | D:4      | Reached skill level 1 in Transmutations
  1623 | D:4      | Reached skill level 1 in Fire Magic
  1623 | D:4      | Reached skill level 1 in Ice Magic
  1623 | D:4      | Reached skill level 1 in Air Magic
  1623 | D:4      | Reached skill level 1 in Earth Magic
  1623 | D:4      | Reached skill level 1 in Poison Magic
  1623 | D:4      | Reached XP level 5. HP: 28/40 MP: 5/7
  1725 | D:3      | Noticed Natasha
  1734 | D:3      | Killed Natasha
  1826 | D:3      | Noticed a phantom
  1845 | D:3      | Killed a phantom
  1846 | D:3      | Reached XP level 6. HP: 43/47 MP: 8/8
  1901 | D:3      | Noticed Natasha
  1909 | D:3      | Killed Natasha
  1910 | D:3      | Reached skill level 5 in Dodging
  2505 | D:4      | Learned a level 2 spell: Ensorcelled Hibernation
  2599 | D:4      | Noticed Grinder
  2626 | D:4      | Killed Grinder
  2627 | D:4      | Reached XP level 7. HP: 45/52 MP: 10/10
  2683 | D:4      | Identified the +0 leather armour of the Distant Future
                  | {Rampage rCorr}
  2914 | D:5      | Entered Level 5 of the Dungeon
  2968 | D:5      | Found a sand-covered staircase.
  2976 | D:5      | Reached XP level 8. HP: 48/60 MP: 12/12
  2992 | Ossuary  | Entered an ossuary
  3243 | Ossuary  | Gained mutation: Your muscles are strong. (Str +4, Int/Dex
                  | -1) [potion of mutation]
  3243 | Ossuary  | Gained mutation: You have sharp fingernails. [potion of
                  | mutation]
  3506 | D:5      | Learned a level 2 spell: Cigotuvi's Dreadful Rot
  3911 | D:5      | Noticed a wyvern
  3921 | D:5      | Killed a wyvern
  4424 | D:5      | Reached XP level 9. HP: 66/66 MP: 14/14
  4838 | D:6      | Noticed Jeremiah
  5097 | D:6      | Succumbed to their own dark miasma

Illustrated notes

Levels and vault maps discovered:
D:1:      dpeg_arrival_tiny_a, layout_rooms, nicolae_hexahallways
D:2:      layout_basic
D:3:      layout_basic, serial_bayou_ford_a, uniq_natasha
D:4:      layout_cave_pools, minmay_misc_feat_chi, uniq_grinder
D:5:      layout_cave_pods, nicolae_ossuary_entry_ruins
D:6:      layout_loops_ring, uniq_jeremiah
D:7:      layout_gridville, minmay_temple_entry_statues_fountains,
          dreamdust_gnoll_shepherd, uniq_menkaure

Skill      XL: |  1  2  3  4  5  6  7  8  9 |
---------------+----------------------------+-----
Invocations    | 1 2 3 4 |  4.5
Short Blades   | 1 2 3 4 |  4.1
Long Blades    | 1 2 3 4 |  4.1
Axes           | 1 2 3 4 |  4.1
Maces & Flails | 1 2 3 4 |  4.1
Polearms       | 1 2 3 4 |  4.1
Staves         | 1 2 3 4 |  4.1
Ranged Weapons | 1 2 3 4 |  4.1
Throwing       | 1 2 3 4 |  4.1
Armour         | 1 2 3 4 |  4.1
Stealth        | 1 2 3 4 |  4.1
Shields        | 1 2 3 4 |  4.1
Spellcasting   | 1 2 3 4 |  4.1
Evocations     | 1 2 3 4 |  4.1
Conjurations   | 1 2 3 |  3.3
Hexes          | 1 2 3 |  3.3
Summonings     | 1 2 3 |  3.3
Necromancy     | 1 2 3 |  3.3
Translocations | 1 2 3 |  3.3
Transmutations | 1 2 3 |  3.3
Fire Magic     | 1 2 3 |  3.3
Ice Magic      | 1 2 3 |  3.3
Air Magic      | 1 2 3 |  3.3
Earth Magic    | 1 2 3 |  3.3
Poison Magic   | 1 2 3 |  3.3
Fighting       | 3 4 |  4.9
Dodging        | 5 6 |  6.2
Unarmed Combat | 7 |  7.8
Shapeshifting  | 7 |  7.6

Action                     |  1- 3 |  4- 6 |  7- 9 || total
---------------------------+-------+-------+-------++-------
  Melee: Unarmed           |    71 |   100 |   245 ||   416
         Bite              |     2 |    10 |    28 ||    40
         Punch             |     2 |       |       ||     2
   Cast: Cigotuvi's Dreadf |       |       |     1 ||     1
    Use: Scroll            |     8 |     2 |     3 ||    13
         Potion            |       |     1 |     3 ||     4
   Stab: Sleeping          |       |       |     1 ||     1
 Armour: Animal skin       |    10 |       |       ||    10
         Ring mail         |    26 |    42 |    13 ||    81
         Leather armour    |       |       |    79 ||    79
  Dodge: Dodged            |    38 |    59 |    93 ||   190
   Form: Flux              |     1 |       |     1 ||     2
         Beast             |       |       |     1 ||     1

Table legend: (Time is in decaauts)
 A = Elapsed time spent in this place.
 B = Non-inter-level travel time spent in this place.
 C = Inter-level travel time spent in this place.
 D = Time resting spent in this place.
 E = Time spent auto-exploring this place.
 F = Levels seen in this place.
 G = Mean time per level.
                   A        B        C        D        E       F      G
               +--------+--------+--------+--------+--------+-----+--------+
         Total |   5063 |   4992 |     71 |    305 |   2337 |   8 |  632.9 |
       Dungeon |   4812 |   4741 |     71 |    243 |   2337 |   7 |  687.4 |
       Ossuary |    251 |    251 |      0 |     62 |      0 |   1 |  251.0 |
               +--------+--------+--------+--------+--------+-----+--------+

Top non-repeatable levels by time:
     D:5: 1057 daAuts
     D:3: 918 daAuts
     D:4: 895 daAuts
     D:2: 846 daAuts
     D:1: 583 daAuts
     D:6: 322 daAuts
 Ossuary: 251 daAuts
     D:7: 188 daAuts
